 Dungeon Crawl Stone Soup version 0.32-a0-913-g739538afd8 (webtiles) character file.

Game seed: 5603021848686080180

2717643 BlackSun the Wrestler (level 27, 156/156 HPs)
             Began as a Vine Stalker Fighter on Apr 7, 2024.
             Was an Initiate of Beogh.
             Escaped with the Orb
             ... and 4 runes
             ... and 1 gem on Apr 8, 2024!
             The game lasted 01:45:59 (59727 turns).

BlackSun the Wrestler (Vine Stalker Fighter)       Turns: 59727, Time: 01:45:59

Health: 156/156    AC: 49    Str: 28    XL:     27
Magic:  38/38      EV: 24    Int: 14    God:    Beogh [......]
Gold:   9187       SH: 28    Dex: 23    Spells: 46/46 levels left

rFire   + .          .
                       - Unarmed
rCold   . . .        Q - +4 tower shield of Intercession {Regen+ Int+5 Stlth-}
rNeg    . . .        S - +12 gold dragon scales {rare}
rPois   +            l - +2 hat {SInv}
rElec   .            L - +1 cloak of Starlight {*Dazzle EV+4 Stlth--}
rCorr   +            q - +0 pair of gloves of the Tuna {Dex+4}
SInv    +            V - +2 pair of boots {rampage}
Will    +++..        J - amulet "Irruuth" {Regen+ rCorr} Stlth
                     F - ring of Munul {EV+5 Int+5}
HPRegen 2.86/turn    O - +4 ring of protection
MPRegen 0.26/turn

%: guardian spirit, rampage
@: studying Maces & Flails
A: fangs 3, regeneration 1, magic shield, antimagic bite, no potion heal 2,
horns 1, iridescent scales 1, deterioration 2, dopey 2, cold vulnerability 1,
subdued magic 1, inability to read after injury 1
0: Orb of Zot
}: 4/15 runes: decaying, serpentine, slimy, silver
a: Renounce Religion


You escaped.
You worshipped Beogh.
Beogh was noncommittal.
You visited 12 branches of the dungeon, and saw 56 of its levels.
You also visited: Trove, Sewer and Wizlab.

You collected 11206 gold pieces.
You spent 2019 gold pieces at shops.

Inventory:

Missiles
 G - 9 throwing nets {=f!f}
Armour
 c - the +2 hood of the Assassin {Detect Stab+ Stlth++}
   (You acquired it on level 4 of the Realm of Zot)

   Detect:    It allows the wearer to sense nearby creatures.
   Stab+:     It allows the wearer to make particularly effective stabbing
   attacks against helpless or unaware enemies with any weapon.
   Stlth++:   It makes you much more stealthy.
 l - a +2 hat of see invisible (worn)
 q - the +0 pair of gloves of the Tuna (worn) {Dex+4}
   (You found it on level 2 of the Vaults)

   Dex+4:     It affects your dexterity (+4).
 t - the +5 moon troll leather armour {Spirit, Regen++ MP+5}
   (You took it off a moon troll in a wizard's laboratory)

   MP+5:      It affects your magic capacity (+5).
   Regen++:   It increases your rate of health regeneration.
 L - the +1 cloak of Starlight (worn) {*Dazzle EV+4 Stlth--}
   (You found it on level 5 of the Vaults)

   *Dazzle:   It may blind those who miss an attack against the wearer in melee
   combat.
   EV+4:      It affects your evasion (+4).
   Stlth--:   It makes you much less stealthy.
 Q - the +4 tower shield of Intercession (worn) {Regen+ Int+5 Stlth-}
   (You took it off Louise on level 15 of the Dungeon)

   Int+5:     It affects your intelligence (+5).
   Regen+:    It increases your rate of health regeneration.
   Stlth-:    It makes you less stealthy.
 S - +12 gold dragon scales (worn) {rare}
 V - a +2 pair of boots of rampaging (worn)
Jewellery
 a - the ring of Roitwaemn {rC+ rN+ Will+ Dex-4}
   (You found it on level 2 of the Dungeon)

   [ring of positive energy]

   Dex-4:     It affects your dexterity (-4).
   rC+:       It protects you from cold.
   rN+:       It protects you from negative energy.
   Will+:     It increases your willpower.
 i - a ring of willpower
 o - a +4 ring of protection
 v - a ring of see invisible
 C - a ring of protection from cold
 F - the ring of Munul (left hand) {EV+5 Int+5}
   (You found it in a wizard's laboratory)

   [ring of evasion]

   EV+5:      It affects your evasion (+5).
   Int+5:     It affects your intelligence (+5).
 J - the amulet "Irruuth" (around neck) {Regen+ rCorr}
   (You found it in a treasure trove)

   [amulet of regeneration]

   Regen+:    It increases your rate of health regeneration.
   rCorr:     It protects you from acid and corrosion.
 O - a +4 ring of protection (right hand)
 P - the ring "Conwabefu" {rPois EV+5}
   (You found it on level 3 of the Elven Halls)

   [ring of evasion]

   EV+5:      It affects your evasion (+5).
   rPois:     It protects you from poison.
 Y - a +4 ring of slaying
Wands
 W - a wand of digging (12)
Scrolls
 b - 17 scrolls of teleportation {@r4}
 g - 6 scrolls of fog
 h - 10 scrolls of vulnerability {!r!r}
 k - 4 scrolls of immolation {!r!r}
 r - 9 scrolls of enchant weapon
 s - 8 scrolls of revelation
 B - 8 scrolls of amnesia
 D - 12 scrolls of poison
 E - 22 scrolls of identify {@r1}
 N - 7 scrolls of fear
 R - 2 scrolls of enchant armour
 X - a scroll of blinking {!r}
 Z - 3 scrolls of torment {!r}
Potions
 d - 3 potions of ambrosia
 e - 17 potions of curing {@q1}
 f - a potion of resistance
 j - 12 potions of enlightenment
 n - 6 potions of berserk rage {!q}
 p - 10 potions of brilliance
 u - 9 potions of might
 w - 2 potions of cancellation
 x - 4 potions of haste {@q3}
 z - 3 potions of magic
 A - 10 potions of lignification {!q}
 K - 12 potions of mutation {!q}
 M - 9 potions of attraction {!q}
 U - 2 potions of invisibility
Miscellaneous
 m - a phantom mirror
 y - a lightning rod (4/4)
 H - a phial of floods
 I - a condenser vane
 T - a box of beasts


   Skills:
 + Level 20.1 Fighting
 + Level 17.2 Armour
 + Level 17.1 Dodging
 + Level 21.7 Shields
 + Level 26.5 Unarmed Combat
 - Level 10.0 Spellcasting
 + Level 20.3 Invocations


You had 46 spell levels left.
You didn't know any spells.
Your spell library contained the following spells:

 Spells                   Type           Power      Damage    Failure   Level
 Apportation              Tloc           10%        N/A       90%         1
 Foxfire                  Conj/Fire      20%        2x1d5     90%         1
 Freeze                   Ice            20%        1d4       90%         1
 Kiss of Death            Conj/Necr      20%        2d7       90%         1
 Magic Dart               Conj           20%        1d4       90%         1
 Necrotise                Necr           20%        1d5       90%         1
 Sandblast                Erth           10%        2d5       90%         1
 Shock                    Conj/Air       20%        1d4       90%         1
 Sting                    Conj/Alch      20%        1d4       90%         1
 Summon Small Mammal      Summ           20%        N/A       90%         1
 Blink                    Tloc           10%        N/A       97%         2
 Cigotuvi's Dreadful Rot  Necr/Alch/Air  10%        N/A       97%         2
 Ensorcelled Hibernation  Hex/Ice        10%        N/A       97%         2
 Jinxbite                 Hex            10%        N/A       97%         2
 Lesser Beckoning         Tloc           10%        N/A       97%         2
 Mercury Vapours          Alch/Air       10%        N/A       97%         2
 Momentum Strike          Conj/Tloc      10%        3d8       97%         2
 Scorch                   Fire           10%        2d5       97%         2
 Static Discharge         Conj/Air       10%        3-4/arc   97%         2
 Sublimation of Blood     Necr           5%         N/A       97%         2
 Confusing Touch          Hex            5%         N/A       99%         3
 Dazzling Flash           Conj/Hex       10%        N/A       99%         3
 Fugue of the Fallen      Necr           5%         N/A       99%         3
 Inner Flame              Hex/Fire       5%         N/A       99%         3
 Maxwell's Portable Pile  Tloc           5%         2d(5-15)  99%         3
 Mephitic Cloud           Conj/Alch/Air  5%         N/A       99%         3
 Ozocubu's Armour         Ice            5%         N/A       99%         3
 Passwall                 Erth           5%         N/A       99%         3
 Stone Arrow              Conj/Erth      10%        3d7       99%         3
 Summon Ice Beast         Ice/Summ       5%         N/A       99%         3
 Swiftness                Air            5%         N/A       99%         3
 Teleport Other           Tloc           5%         N/A       99%         3
 Tukima's Dance           Hex            5%         N/A       99%         3
 Vampiric Draining        Necr           5%         2d6       99%         3
 Volatile Blastmotes      Fire/Tloc      10%        2d10      99%         3
 Anguish                  Hex/Necr       2%         N/A       100%        4
 Animate Armour           Summ/Erth      10%        N/A       100%        4
 Animate Dead             Necr           5%         N/A       100%        4
 Brom's Barrelling Bould  Conj/Erth      5%         2d3       100%        4
 Cause Fear               Hex            2%         N/A       100%        4
 Dimensional Bullseye     Hex/Tloc       2%         N/A       100%        4
 Dispel Undead            Necr           5%         3d7       100%        4
 Flame Wave               Conj/Fire      5%         2d5       100%        4
 Fulminant Prism          Conj/Alch      2%         3d5       100%        4
 Ignite Poison            Fire/Alch      5%         N/A       100%        4
 Iskenderun's Mystic Bla Conj/Tloc 5%             2d3        (+2d1     100%        4
 Leda's Liquefaction      Alch/Erth      2%         N/A       100%        4
 Martyr's Knell           Necr/Summ      5%         N/A       100%        4
 Olgreb's Toxic Radiance  Alch           5%         N/A       100%        4
 Passage of Golubria      Tloc           5%         N/A       100%        4
 Petrify                  Alch/Erth      5%         N/A       100%        4
 Sticky Flame             Fire/Alch      5%         2d4       100%        4
 Summon Lightning Spire   Summ/Air       5%         N/A       100%        4
 Vhi's Electric Charge    Tloc/Air       10%        N/A       100%        4
 Alistair's Intoxication  Alch           3%         N/A       100%        5
 Arcjolt                  Conj/Air       2%         1d12      100%        5
 Borgnjor's Vile Clutch   Necr/Erth      2%         N/A       100%        5
 Curse of Agony           Necr           5%         N/A       100%        5
 Fireball                 Conj/Fire      2%         3d4       100%        5
 Freezing Cloud           Conj/Ice/Air   2%         6-21      100%        5
 Irradiate                Conj/Alch      2%         3d12      100%        5
 Iskenderun's Battlesphe  Conj           5%         2d6       100%        5
 Lee's Rapid Deconstruct  Erth           2%         3d5*      100%        5
 Metabolic Englaciation   Hex/Ice        2%         N/A       100%        5
 Silence                  Hex/Air        2%         N/A       100%        5
 Summon Forest            Summ/Tloc      2%         N/A       100%        5
 Summon Mana Viper        Hex/Summ       5%         N/A       100%        5
 Bombard                  Conj/Erth      2%         9d1       100%        6
 Conjure Ball Lightning   Conj/Air       2%         3x3d6     100%        6
 Death Channel            Necr           2%         N/A       100%        6
 Eringya's Noxious Bog    Alch           2%         4d6       100%        6
 Permafrost Eruption      Ice/Erth       2%         2x4d2     100%        6
 Plasma Beam              Fire/Air       2%         2x1d12    100%        6
 Sculpt Simulacrum        Ice/Alch       2%         N/A       100%        6
 Starburst                Conj/Fire      2%         6d3       100%        6
 Summon Cactus Giant      Summ           2%         N/A       100%        6
 Enfeeble                 Hex            2%         N/A       100%        7
 Haunt                    Necr/Summ      2%         N/A       100%        7
 Malign Gateway           Summ/Tloc      2%         N/A       100%        7
 Manifold Assault         Tloc           2%         N/A       100%        7
 Monstrous Menagerie      Summ           2%         N/A       100%        7
 Orb of Destruction       Conj           2%         9d5       100%        7
 Ozocubu's Refrigeration  Ice            2%         4d8       100%        7
 Spellforged Servitor     Conj/Summ      2%         N/A       100%        7
 Summon Hydra             Summ           2%         N/A       100%        7
 Borgnjor's Revivificati  Necr           2%         N/A       100%        8
 Discord                  Hex            2%         N/A       100%        8
 Disjunction              Tloc           2%         N/A       100%        8
 Lehudib's Crystal Spear  Conj/Erth      2%         10d2      100%        8
 Maxwell's Capacitive Co  Air            2%         ∞         100%        8
 Summon Horrible Things   Summ           2%         N/A       100%        8
 Chain Lightning          Conj/Air       2%         3d3       100%        9
 Death's Door             Necr           2%         N/A       100%        9
 Fire Storm               Conj/Fire      2%         8d1       100%        9
 Polar Vortex             Ice            2%         N/A       100%        9
 Shatter                  Erth           2%         3d6*      100%        9


Dungeon Overview and Level Annotations

Branches:
Dungeon (15/15)            Temple (1/1) D:5            Lair (5/5) D:11
  Swamp (4/4) Lair:2        Snake (4/4) Lair:2        Slime (5/5) Lair:5
    Orc (2/2) D:12            Elf (3/3) Orc:2        Vaults (5/5) D:13
  Crypt (3/3) Vaults:3       Tomb (0/3) Crypt:3      Depths (4/4) D:15
    Zot (5/5) Depths:4      Sewer (visited)          WizLab (visited)

Altars:
Ashenzari
Cheibriados
Dithmenos
Elyvilon
Fedhas
Gozag
Hepliaklqana
Kikubaaqudgha
Makhleb
Nemelex Xobeh
Okawaru
Qazlal
Ru
Sif Muna
Trog
Uskayaw
Vehumet
Wu Jian
Xom
Yredelemnul
Zin
The Shining One
Beogh
Jiyva
Lugonu

Shops:
D:10 :   Orc:2 ([([   Elf:2 ??   Snake:1 *   Snake:3 (   Snake:4 (   Vaults:1 :
Vaults:2 *

Portals:
Hell: Depths:1 Depths:2 Depths:3 Depths:4
Abyss: Depths:3
Pandemonium: Depths:2
Ziggurat: Depths:2

Annotations:
Orc:2 beogh


Innate Abilities, Weirdness & Mutations

You have razor-sharp teeth.
Your natural rate of healing is unusually fast.
When hurt, damage is shared between your health and your magic reserves.
Your bite disrupts and absorbs the magic of your enemies.
Potions cannot restore your health.
You have a pair of small horns on your head.
You are partially covered in iridescent scales. (AC +2)
Your body often deteriorates upon taking damage.
You are very dopey. (Int -4)
You are vulnerable to cold. (rC-)
Your spells are a little easier to cast, but a little less powerful.
You occasionally lose the ability to read scrolls when taking damage.


Message History

Unknown command.
Unknown command.
Unknown command.
Unknown command.
Unknown command.
Unknown command.
Unknown command.
Unknown command.
Unknown command.
Unknown command.
Unknown command.
Aiming: Dig
Press: ? - help, Q - select action, (/) - cycle Shift-Dir - straight line You can't see that place. [a stone staircase leading up.]
The rock shatters into small pieces.
Unknown command.
Blink to where?
Press: ? - help, Q - select action, (/) - cycle Dir - move target
As you read the scroll of blinking {!r}, it crumbles to dust.
Abudepso gestures. x2
You climb upwards.
There is a stone staircase leading down here.
A golden eye comes into view.
Unknown command.
The golden eye turns its gaze towards you.
The golden eye blinks at you. You resist with almost no effort.
There is a stone staircase leading up here.
The golden eye blinks!
You climb upwards.
There is a stone staircase leading down here.
There is an open door here.
There is an open door here.
Unknown command.
You see here a hobgoblin skeleton.
There is an open door here.
Unknown command.
Aiming: Dig
Press: ? - help, Q - select action, (/) - cycle Shift-Dir - straight line You can't see that place. [the floor.]
The rock shatters into small pieces.
A Boiv and an ancient lich come into view.
Blink to where?
Press: ? - help, Q - select action, (/) - cycle Dir - move target
As you read the scroll of blinking {!r}, it crumbles to dust.
Boiv moves out of view.
The ancient lich moves out of view.
There is a staircase leading out of the dungeon here.
You have escaped!

######+###.##(..§....# #.......
#.........##...&....# #..##.#.
#.......#######.##### #..#.###
#.......# ##.......## #...#.#.
#.......###.........## #..###.#
#.......##...........####..)#.##
####........ß.....ß.....#.#.....
#..####...........##...###.##
#).# ##....@....#####.# #÷#
#†.######.......######.###.#
#......###########.......#.#
#####'####.................#.#.#
.......................#.....#.#
.......###.......##....'.....#.##
.......# #.......##.#.##.....#...
.......# #.......##.#..#.....#...
.......# #.......##.#....###.#...


You could see Boiv.

Vanquished Creatures
  the Royal Jelly (Slime:5)
  6 ancient liches
  6 dread liches
  4 orbs of fire
  Mara (Swamp:4)
  Boris (Vaults:3)
  2 Killer Klowns (Zot:5)
  A shard shrike (Zot:2)
  6 curse toes
  Saint Roka (Snake:4)
  5 caustic shrikes (Depths:2)
  4 pandemonium lords
  Jory (Depths:3)
  6 golden dragons
  A profane servitor (D:12)
  3 bone dragons
  2 electric golems (Zot:5)
  A hellephant (Zot:2)
  Zenata (Vaults:2)
  Mlioglotl (Snake:2)
  An Ice Fiend (Zot:3)
  6 liches
  2 Hell Sentinels
  Jorgrun (D:15)
  25 Orb Guardians
  A walking earthen tome (Depths:3)
  A moon troll (WizLab)
  14 tentacled monstrosities
  Asterion (Vaults:1)
  2 titans
  2 deep elf blademasters
  A deep elf master archer (Elf:3)
  5 sphinxes
  18 acid blobs
  9 ancient champions
  11 quicksilver dragons
  19 shadow dragons
  An Executioner (Depths:4)
  Gastronok (Lair:2)
  15 death cobs
  Kirke (Lair:4)
  Agnes (Snake:4)
  6 tentacled starspawn (WizLab)
  Frances (Swamp:2)
  15 storm dragons
  6 protean progenitors
  Roxanne (D:15)
  6 nagarajas
  3 thorn hunters
  12 azure jellies
  9 tengu reavers
  6 fire giants
  2 daevas
  Donald (Crypt:2)
  15 rockslimes
  A balrug (Depths:4)
  5 deep elf sorcerers
  8 draconian shifters
  An iron dragon (Vaults:5)
  8 frost giants
  11 draconian monks
  7 draconian scorchers
  6 draconian knights
  Louise (D:15)
  3 draconian stormcallers
  2 curse skulls
  19 vault wardens
  3 deep elf elementalists (Elf:3)
  4 orc warlords
  2 cacodemons
  A spriggan defender (Depths:3)
  A reaper (Crypt:3)
  18 ironbound preservers
  12 ghouls
  2 caustic shrike skeletons (Crypt:3)
  15 draconian annihilators
  4 formless jellyfish
  13 quicksilver oozes
  21 very ugly things
  8 deep elf death magi
  11 green draconians
  21 stone giants
  4 deep elf demonologists (Elf:3)
  4 vampire knights
  An eleionoma (Swamp:3)
  8 yellow draconians
  A lorocyproca (Depths:4)
  9 red draconians
  9 deep elf annihilators (Elf:3)
  6 ironbound thunderhulks
  3 war gargoyles
  Azrael (D:13)
  A minotaur (D:11)
  2 spark wasps (Depths:3)
  12 black draconians
  28 dire elephants
  A starcursed mass (WizLab)
  4 bunyips
  15 purple draconians
  6 white draconians
  13 ettins
  3 green deaths
  7 eidola
  Snorg (Orc:2)
  A blizzard demon (Depths:2)
  An entropy weaver (shapeshifter) (Vaults:5)
  2 jiangshi
  13 yaktaur captains
  7 fire dragons
  2 shambling mangroves (Swamp:4)
  2 crystal guardians
  A quicksilver dragon zombie (Crypt:3)
  8 deep elf high priests
  A fenstrider witch zombie (Crypt:1)
  A peacekeeper (Vaults:4)
  A quicksilver dragon skeleton (Crypt:3)
  3 ogre magi
  6 rakshasas
  A spriggan zombie (Crypt:3)
  35 vault guards
  24 hydras
  A merfolk avatar (Lair:5)
  19 anacondas
  10 great orbs of eyes
  4 spriggan air magi
  17 centaur warriors
  2 catoblepae (Lair:1)
  4 ghost crabs
  9 alligators
  4 ironbound frosthearts
  4 boulder beetles
  9 ice dragons
  4 spriggan skeletons (Crypt:3)
  29 dancing weapons
  A two-headed ogre (shapeshifter) (Vaults:5)
  6 deep troll shamans
  An occultist (Depths:3)
  The ghost of Konar the Skirmisher, a journeyman CoHu of Hepliaklqana (D:11)
  10 two-headed ogres
  A titan zombie (Depths:1)
  A death yak (Lair:3)
  6 shock serpents
  An azure jelly zombie (Crypt:3)
  4 orc high priests (Orc:2)
  11 naga sharpshooters
  2 vampire magi
  3 deep troll earth magi
  6 tengu warriors
  13 naga warriors
  11 hell knights
  3 spriggan berserkers
  2 titan skeletons (Crypt:3)
  22 deep elf knights
  6 soul eaters
  3 sun demons (Depths:4)
  51 skeletal warriors
  2 skysharks
  2 skysharks (shapeshifter)
  A fire crab (Lair:5)
  A golden dragon zombie (Depths:1)
  5 sixfirhies
  The ghost of MoonlitKnight the Skirmisher, a novice CoHu of Hepliaklqana (D:5)
  A storm dragon skeleton (Zot:1)
  6 goliath frogs
  5 salamander mystics
  6 sea snakes
  6 iron trolls
  51 deep trolls
  15 deep elf archers
  7 death drakes
  A shadow demon (D:12)
  9 swamp dragons
  A deep troll (shapeshifter) (Vaults:4)
  5 arcanists
  15 bog bodies
  An obsidian statue (Elf:1)
  11 glowing orange brains
  A flayed ghost (Vaults:4)
  A mana viper (shapeshifter) (Depths:4)
  9 mana vipers
  A harpy (shapeshifter) (D:13)
  13 thermic dynamos
  A tengu zombie (Vaults:2)
  5 spriggan druids
  7 lindwurms
  A swamp dragon (shapeshifter) (Vaults:5)
  6 naga ritualists
  An orange crystal statue (WizLab)
  A steelbarb worm (shapeshifter) (Vaults:5)
  10 harpies
  8 phantasmal warriors
  17 ironbound convokers
  A wolf spider zombie (Crypt:1)
  25 ugly things
  9 necromancers
  12 orc knights
  A bunyip skeleton (Crypt:3)
  3 obsidian bats
  An iron dragon zombie (Crypt:3)
  A golden dragon skeleton (Depths:1)
  3 oklob plants
  3 human zombies
  21 deep elf pyromancers
  2 frost giant zombies
  11 shining eyes
  A stone giant zombie (Vaults:2)
  24 deep elf zephyrmancers
  10 orc sorcerers
  20 salamanders
  3 anaconda skeletons (Crypt:3)
  3 large abominations
  A goliath frog skeleton (Crypt:3)
  3 will-o-the-wisps
  24 moths of wrath
  2 cyclopes
  6 manticores
  5 elephants
  A frost giant skeleton (Depths:1)
  5 guardian serpents
  An alligator skeleton (Crypt:2)
  3 meliai (D:14)
  17 vault sentinels
  An iron dragon skeleton (Crypt:3)
  A stone giant skeleton (Crypt:3)
  5 kobold blastminers
  2 water nymphs (shapeshifter)
  A rust devil (Depths:4)
  24 naga magi
  31 black mambas
  A molten gargoyle (Depths:2)
  15 eyes of devastation
  A torpor snail (Lair:1)
  4 centaur skeletons (Crypt:3)
  12 cane toads
  A dire elephant skeleton (Crypt:3)
  19 komodo dragons
  6 rime drakes
  A gargoyle (D:12)
  The ghost of Xoff the Chiller, a novice DsIE (D:5)
  2 efreet
  An unseen horror (D:11)
  2 kobold demonologists (D:9)
  Maggie (Lair:2)
  31 yaktaurs
  A guardian mummy (Crypt:3)
  2 freezing wraiths
  6 tengu conjurers
  A golden dragon simulacrum (Depths:1)
  A tormentor (Depths:1)
  A red devil (D:12)
  A white draconian skeleton (Crypt:1)
  4 polar bears
  2 hellwings (D:12)
  Prince Ribbit (D:7)
  A harpy skeleton (Crypt:3)
  8 trolls
  A wind drake (Lair:5)
  23 blink frogs
  4 tyrant leeches
  25 hornets
  2 fire dragon zombies
  A death drake skeleton (Crypt:1)
  4 glass eyes
  2 hydra skeletons (Crypt:3)
  2 snapping turtles (Lair:5)
  2 human simulacra
  The ghost of Shym the Caller, an amateur TeSu of Cheibriados (D:4)
  126 slime creatures
  2 air elementals
  10 wyverns
  A spriggan (shapeshifter) (D:15)
  3 shadows
  6 wraiths
  A vampire (D:11)
  15 spriggans
  6 water elementals
  10 basilisks
  3 hogs (Lair:4)
  A culicivora (Zot:2)
  58 yaks
  2 neqoxecs
  10 fire elementals
  5 redbacks
  15 golden eyes
  18 humans (D:13)
  9 wargs
  A steam dragon (Lair:3)
  20 swamp worms
  16 vampire mosquitoes
  2 acid dragons
  47 nagas
  A naga zombie (Crypt:3)
  A harpy simulacrum (D:14)
  A hydra simulacrum (Zot:2)
  15 water moccasins
  3 hell hounds (D:13)
  A naga skeleton (Crypt:3)
  44 orc warriors
  A black bear (D:7)
  8 swamp drakes (Swamp:4)
  A cane toad skeleton (Crypt:1)
  20 ogres
  21 laughing skulls
  A wolf (shapeshifter) (Vaults:5)
  25 wolves
  15 centaurs
  A swamp dragon skeleton (Crypt:3)
  2 draconian zombies
  5 kobold brigands
  A vine stalker zombie (Crypt:1)
  Blork the orc (D:5)
  13 bullfrogs
  2 salamander skeletons
  An elf skeleton (Crypt:2)
  3 gnoll sergeants
  3 scorpions
  3 earth elementals
  A cyclops skeleton (Crypt:1)
  2 troll zombies (Swamp:1)
  15 killer bees
  5 howler monkeys
  8 electric eels
  A polar bear skeleton (Crypt:2)
  A troll skeleton (Swamp:1)
  6 bombardier beetles
  9 jellies
  A wolf skeleton (Crypt:2)
  Crazy Yiuf (D:2)
  32 orc priests
  2 gnoll boudas
  A bullfrog skeleton (Crypt:1)
  5 iguanas
  20 orc wizards
  2 sleepcaps
  8 hell rats
  An acid dragon zombie (Crypt:3)
  12 mummies (Crypt:3)
  20 gnolls
  16 adders
  3 river rats (Sewer)
  A shadow imp (D:5)
  4 ufetubi (D:5)
  4 dart slugs
  2 ribbon worms
  91 orcs
  13 ball pythons
  21 endoplasms
  6 giant cockroaches
  10 hobgoblins
  2 jackals (D:1)
  24 kobolds
  2 quokkas
  3 bats
  3 frilled lizards
  6 goblins
  A hobgoblin zombie (Crypt:2)
  34 rats
  2 aspiring fleshes
  4 starspawn tentacles (WizLab)
2712 creatures vanquished.

Vanquished Creatures (collateral kills)
  Parghit (Zot:4)
  An Orb Guardian (Zot:5)
  A storm dragon (Zot:2)
  A protean progenitor (Zot:1)
  A draconian scorcher (Zot:1)
  A demonspawn corrupter (D:12)
  An ironbound preserver (Vaults:1)
  2 very ugly things (Depths:3)
  A demonspawn blood saint (D:12)
  2 green draconians (Zot:2)
  A dire elephant (Vaults:1)
  A blizzard demon (D:12)
  A vault guard (D:13)
  4 hydras
  A naga sharpshooter (Snake:4)
  A naga warrior (Snake:4)
  Urug (Lair:2)
  A shock serpent (Snake:1)
  A death drake (Zot:2)
  2 deep trolls (Vaults:1)
  2 naga ritualists (Snake:3)
  2 bog bodies (Swamp:1)
  3 ugly things
  A cyclops (D:15)
  A black mamba (Snake:2)
  2 naga magi
  A komodo dragon (Lair:5)
  A hornet (Swamp:1)
  A slime creature (Slime:2)
  3 culicivoras (Zot:2)
  A spriggan (Swamp:1)
  A ynoxinul (D:12)
  3 yaks
  A steam dragon (Lair:5)
  A golden eye (Slime:2)
  4 hogs (Lair:4)
  3 vampire mosquitoes
  2 water moccasins
  A swamp drake (Swamp:1)
  2 orc warriors (Orc:2)
  An ogre (D:15)
  A hornet simulacrum (D:15)
  2 orc priests (Orc:2)
  An orc wizard (Orc:2)
  3 orcs (Orc:2)
70 creatures vanquished.

Vanquished Creatures (others)
  A draconian knight (Zot:5)
  A very ugly thing (Depths:3)
  A hydra (Swamp:4)
  A rakshasa (Depths:3)
  A deep troll earth mage (Depths:3)
  3 spriggans (Swamp:4)
  A deep elf knight (Elf:2)
  A swamp dragon (Swamp:1)
  An ironbound convoker (Vaults:1)
  A deep elf zephyrmancer (Elf:1)
  A deep elf pyromancer (Elf:3)
  A tengu conjurer (Depths:3)
  5 bloated husks
  2 hornets (Swamp:4)
  A vampire mosquito (Swamp:1)
  2 swamp worms
  A hydra simulacrum (Zot:2)
  A wolf (Lair:3)
  An orc wizard (Orc:2)
  A hobgoblin (D:4)
  10 foxfires
  9 starspawn tentacles (WizLab)
47 creatures vanquished.

Grand Total: 2829 creatures vanquished

Notes
Turn   | Place    | Note
-------+----------+-------------------------------------------
     0 | D:1      | BlackSun the Vine Stalker Fighter began the quest for the
                  | Orb.
     0 | D:1      | Reached XP level 1. HP: 11/11 MP: 2/2
    30 | D:1      | Reached XP level 2. HP: 16/16 MP: 3/3
   113 | D:1      | Reached skill level 3 in Unarmed Combat
   260 | D:1      | Reached XP level 3. HP: 19/19 MP: 4/4
   439 | D:1      | Reached skill level 4 in Unarmed Combat
   872 | D:2      | Reached XP level 4. HP: 23/23 MP: 5/5
   881 | D:2      | Identified the ring of Roitwaemn {rC+ rN+ Will+ Dex-4}
  1216 | D:2      | Found a runed translucent door.
  1217 | D:2      | Noticed Crazy Yiuf
  1759 | D:3      | Found a white marble altar of Elyvilon.
  1762 | D:3      | Found a basalt altar of Yredelemnul.
  1763 | D:3      | Found a bloodstained altar of Trog.
  1765 | D:3      | Found an ornate altar of the Wu Jian Council.
  1767 | D:3      | Found a hide-covered altar of Uskayaw.
  1768 | D:3      | Found a stormy altar of Qazlal.
  1772 | D:3      | Became a worshipper of Qazlal Stormbringer
  1819 | D:3      | Reached skill level 5 in Unarmed Combat
  1819 | D:3      | Reached XP level 5. HP: 23/27 MP: 6/6
  1835 | D:3      | Found a glowing drain.
  1847 | Sewer    | Entered a sewer
  1897 | Sewer    | Noticed a kobold brigand
  1911 | Sewer    | Killed a kobold brigand
  1915 | Sewer    | Reached skill level 6 in Unarmed Combat
  1933 | Sewer    | Reached * piety under Qazlal
  1934 | Sewer    | Reached XP level 6. HP: 30/32 MP: 4/7
  2089 | Sewer    | Reached ** piety under Qazlal
  2165 | Sewer    | Reached skill level 7 in Unarmed Combat
  2574 | D:3      | Reached XP level 7. HP: 35/35 MP: 8/8
  2754 | D:3      | Found a hazy altar of Hepliaklqana.
  2911 | D:4      | Reached skill level 8 in Unarmed Combat
  2911 | D:4      | Reached skill level 1 in Invocations
  3198 | D:4      | Found a shimmering altar of Xom.
  3245 | D:4      | Reached *** piety under Qazlal
  3429 | D:4      | Noticed Shym's ghost (amateur TeSu)
  3444 | D:4      | Found a runed translucent door.
  3679 | D:5      | Entered Level 5 of the Dungeon
  3693 | D:5      | Reached skill level 3 in Invocations
  3816 | D:5      | Gained mutation: You have razor-sharp teeth. [Vine Stalker
                  | growth]
  3816 | D:5      | Reached XP level 8. HP: 34/39 MP: 6/11
  3898 | D:5      | Identified the +2 sling "Ycres" {elec, rElec Will+ Int+3}
  3999 | D:5      | Noticed Blork the orc
  4010 | D:5      | Killed Blork the orc
  4130 | D:5      | Found a staircase to the Ecumenical Temple.
  4145 | Temple   | Entered the Ecumenical Temple
  4184 | D:5      | Found a runed translucent gate.
  4185 | D:5      | Found a runed translucent gate.
  4187 | D:5      | Found a runed translucent gate.
  4189 | D:5      | Noticed Xoff's ghost (novice DsIE)
  4189 | D:5      | Noticed MoonlitKnight's ghost (novice CoHu)
  4233 | D:6      | Found a blossoming altar of Fedhas.
  4236 | D:6      | Noticed a red ugly thing
  4381 | D:6      | Reached skill level 3 in Fighting
  4381 | D:6      | Reached skill level 1 in Spellcasting
  4387 | D:6      | Reached skill level 3 in Shields
  4529 | D:6      | Found an opulent altar of Gozag.
  4537 | D:6      | Reached skill level 3 in Armour
  4541 | D:6      | Reached XP level 9. HP: 44/44 MP: 14/14
  4610 | D:6      | Found a broken altar of Ashenzari.
  4942 | D:6      | Killed a red ugly thing
  4943 | D:6      | Reached skill level 9 in Unarmed Combat
  5131 | D:7      | Noticed Prince Ribbit
  5143 | D:7      | Killed Prince Ribbit
  5143 | D:7      | Reached **** piety under Qazlal
  5144 | D:7      | Reached skill level 6 in Invocations
  5191 | D:7      | Reached skill level 3 in Spellcasting
  5389 | D:7      | Found a radiant altar of Vehumet.
  5400 | D:7      | Found an ancient bone altar of Kikubaaqudgha.
  5414 | D:7      | Found a shimmering blue altar of Sif Muna.
  5422 | D:7      | Got Sif Muna's Monograph on Convocation
  6044 | D:8      | Reached XP level 10. HP: 49/51 MP: 14/16
  6110 | D:8      | Reached skill level 10 in Unarmed Combat
  6996 | D:9      | Paralysed by a hornet for 3 turns
  7118 | D:9      | Found a burning altar of Makhleb.
  7285 | D:9      | Noticed a two-headed ogre
  7295 | D:9      | Killed a two-headed ogre
  7513 | D:9      | Found a glowing golden altar of the Shining One.
  7742 | D:10     | Entered Level 10 of the Dungeon
  7785 | D:9      | Reached ***** piety under Qazlal
  7786 | D:9      | Reached XP level 11. HP: 52/56 MP: 18/18
  7804 | D:9      | Reached skill level 11 in Unarmed Combat
  7935 | D:10     | Found Wima Jeury's Book Shop.
  8563 | D:11     | Reached skill level 6 in Fighting
  8572 | D:11     | Reached skill level 6 in Shields
  8598 | D:11     | Found a staircase to the Lair.
  8739 | D:11     | Noticed a boulder beetle
  8756 | D:11     | Killed a boulder beetle
  8881 | D:11     | Found a runed translucent gate.
  8881 | D:11     | Found a runed translucent gate.
  8881 | D:11     | Found a runed translucent gate.
  8882 | D:11     | Reached skill level 12 in Unarmed Combat
  8890 | D:11     | Noticed a minotaur
  8928 | D:11     | Found a transporter.
  8957 | D:11     | Found a transporter.
  9054 | D:11     | Noticed a manticore
  9060 | D:11     | Killed a manticore
  9061 | D:11     | Reached skill level 6 in Armour
  9241 | D:11     | Noticed a manticore
  9246 | D:11     | Killed a manticore
  9247 | D:11     | Reached XP level 12. HP: 50/62 MP: 13/19
  9352 | D:11     | Noticed Konar's ghost (journeyman CoHu)
  9406 | D:11     | Found a transporter.
  9422 | D:11     | Found a transporter.
  9612 | D:12     | Found a staircase to the Orcish Mines.
  9626 | D:12     | Found a roughly hewn altar of Beogh.
  9634 | D:12     | Noticed a two-headed ogre
  9644 | D:12     | Killed a two-headed ogre
 10294 | Lair:1   | Entered Level 1 of the Lair of Beasts
 10344 | Lair:1   | Noticed a catoblepas
 10356 | Lair:1   | Killed a catoblepas
 10377 | Lair:1   | Reached skill level 13 in Unarmed Combat
 10445 | Lair:1   | Reached skill level 9 in Invocations
 10577 | Lair:1   | Reached skill level 1 in Dodging
 10961 | Lair:1   | Noticed a catoblepas
 10973 | Lair:1   | Reached XP level 13. HP: 68/68 MP: 20/20
 11409 | Lair:2   | Noticed Maggie
 11418 | Lair:2   | Killed Maggie
 11522 | Lair:2   | Noticed Gastronok
 11533 | Lair:2   | Killed Gastronok
 11619 | Lair:2   | Noticed Urug
 11627 | Lair:2   | Killed Urug
 11640 | Lair:2   | Reached skill level 14 in Unarmed Combat
 11744 | Lair:2   | Reached skill level 3 in Dodging
 11973 | Lair:2   | Found a staircase to the Snake Pit.
 12112 | Lair:2   | Found a staircase to the Swamp.
 12419 | Lair:3   | Reached ****** piety under Qazlal
 12700 | Lair:3   | Reached XP level 14. HP: 74/74 MP: 20/22
 13770 | Lair:4   | Reached skill level 9 in Fighting
 13921 | Lair:4   | Noticed Kirke
 13931 | Lair:4   | Reached skill level 15 in Unarmed Combat
 13942 | Lair:4   | Killed Kirke
 14090 | Lair:4   | Reached skill level 9 in Shields
 14814 | Lair:5   | Entered Level 5 of the Lair of Beasts
 15053 | Lair:5   | Reached XP level 15. HP: 49/79 MP: 24/24
 15124 | Lair:5   | Found a viscous altar of Jiyva.
 15128 | Lair:5   | Found a staircase to the Slime Pits.
 15286 | Lair:5   | Got the Catalogue of Sciomancy and Ignition
 15978 | D:11     | Identified a scroll of acquirement
 15978 | D:11     | Acquired a manual of Dodging
 16012 | Orc:1    | Entered Level 1 of the Orcish Mines
 16093 | Orc:1    | Paralysed by an orc sorcerer for 4 turns
 16340 | Orc:2    | Entered Level 2 of the Orcish Mines
 16487 | Orc:2    | Reached skill level 9 in Armour
 16903 | Orc:2    | Noticed Snorg
 16915 | Orc:2    | Killed Snorg
 16964 | Orc:2    | Reached skill level 6 in Dodging
 16964 | Orc:2    | Reached skill level 16 in Unarmed Combat
 17038 | Orc:2    | Found a staircase to the Elven Halls.
 17121 | Orc:2    | Noticed an orc warlord
 17124 | Orc:2    | Found Ydarpheu's Weapon Emporium.
 17132 | Orc:2    | Found a roughly hewn altar of Beogh.
 17178 | Orc:2    | Killed an orc warlord
 17261 | Orc:2    | Found Pugyxet's Antique Armour Shoppe.
 17553 | Orc:2    | Found a roughly hewn altar of Beogh.
 17579 | Orc:2    | Found Kips's Antique Weapon Emporium.
 17597 | Orc:2    | Found Liudgh's Armour Shoppe.
 17597 | Orc:2    | Noticed an orc warlord
 17614 | Orc:2    | Killed an orc warlord
 18296 | D:13     | Reached XP level 16. HP: 86/86 MP: 25/25
 18466 | D:13     | Noticed Azrael
 18571 | D:13     | Identified the +1 glaive of Wondrous Power {freeze, Will+
                  | Int+4}
 18714 | D:13     | Found a gate to the Vaults.
 18813 | D:13     | Killed Azrael
 19936 | Orc:2    | Bought a +1 pair of gloves for 138 gold pieces
 20007 | Orc:2    | Bought a pair of runed boots for 270 gold pieces
 20200 | D:15     | Entered Level 15 of the Dungeon
 20217 | D:15     | Reached skill level 17 in Unarmed Combat
 20217 | D:15     | Reached skill level 12 in Invocations
 20350 | D:15     | Found a staircase to the Depths.
 20373 | D:15     | Noticed Jorgrun
 20383 | D:15     | Killed Jorgrun
 20423 | D:15     | Identified the +4 tower shield of Intercession {Regen+
                  | Int+5 Stlth-}
 20423 | D:15     | Noticed Louise
 20443 | D:15     | Killed Louise
 20514 | D:15     | Noticed Roxanne
 20614 | D:15     | Found an ancient bone altar of Kikubaaqudgha.
 20898 | D:15     | Found a portal to a secret trove of treasure.
 20998 | D:15     | Killed Roxanne
 21532 | D:2      | Killed Crazy Yiuf
 21658 | D:4      | Killed Shym's ghost
 21749 | D:5      | Killed MoonlitKnight's ghost
 21751 | D:5      | Killed Xoff's ghost
 21951 | D:11     | Killed Konar's ghost
 22094 | Swamp:1  | Entered Level 1 of the Swamp
 22183 | Swamp:1  | Reached XP level 17. HP: 82/91 MP: 22/27
 22632 | Swamp:2  | Reached skill level 9 in Dodging
 22713 | Swamp:2  | Noticed Frances
 22724 | Swamp:2  | Killed Frances
 23612 | Swamp:3  | Reached skill level 18 in Unarmed Combat
 24072 | Snake:1  | Entered Level 1 of the Snake Pit
 24148 | Snake:1  | Found Juas's Overcharged Wands.
 24727 | Snake:1  | You fall into a shaft and drop 1 floor!
 25016 | Snake:2  | Reached XP level 18. HP: 98/98 MP: 28/28
 25039 | Snake:2  | Noticed Mlioglotl
 25040 | Snake:2  | Gained mutation: You are dopey. (Int -2) [a neqoxec]
 25043 | Snake:2  | Noticed a bone dragon
 25059 | Snake:2  | Killed Mlioglotl
 25195 | Snake:2  | Identified the +0 scale mail of the Monkey {rC+ rCorr
                  | Str+3}
 25784 | Snake:3  | Reached skill level 12 in Fighting
 26077 | Snake:3  | Found Qoklupn's Weapon Emporium.
 26226 | Snake:3  | Found a runed translucent door.
 27311 | Snake:4  | Entered Level 4 of the Snake Pit
 27318 | Snake:4  | Noticed Agnes
 27338 | Snake:4  | Killed Agnes
 27445 | Snake:4  | Reached skill level 19 in Unarmed Combat
 27537 | Snake:4  | Reached skill level 12 in Shields
 27810 | Snake:4  | Found Ducoetz's Antique Weapon Shop.
 27854 | Snake:4  | Noticed Saint Roka
 27873 | Snake:4  | Reached XP level 19. HP: 102/102 MP: 24/30
 27881 | Snake:4  | Killed Saint Roka
 28337 | Snake:4  | Got a serpentine rune of Zot
 29028 | Swamp:4  | Entered Level 4 of the Swamp
 29140 | Swamp:4  | Noticed Mara
 29150 | Swamp:4  | Noticed BlackSun's illusion
 29483 | Swamp:4  | Noticed BlackSun's illusion
 29641 | Swamp:4  | Noticed BlackSun's illusion
 29649 | Swamp:4  | Killed Mara
 29836 | Swamp:4  | Reached skill level 12 in Dodging
 30260 | Swamp:4  | Got a decaying rune of Zot
 30547 | Vaults:1 | Entered Level 1 of the Vaults
 30582 | Vaults:1 | Identified the +0 leather armour "Secuwousch" {Int+5}
 30795 | Vaults:1 | Reached skill level 12 in Armour
 30803 | Vaults:1 | Noticed Asterion
 30810 | Vaults:1 | Reached skill level 20 in Unarmed Combat
 30872 | Vaults:1 | Killed Asterion
 30980 | Vaults:1 | Found Hyope's Book Emporium.
 30998 | Vaults:1 | Bought a manual of Unarmed Combat for 1040 gold pieces
 31120 | Vaults:1 | Reached XP level 20. HP: 109/109 MP: 29/31
 31737 | Vaults:2 | Noticed Zenata
 31911 | Vaults:2 | Identified the +0 pair of gloves of the Tuna {Dex+4}
 31940 | Vaults:2 | Killed Zenata
 32279 | Vaults:2 | Found Moiskymo's Assorted Antiques.
 32998 | Vaults:3 | Identified the +3 robe "Elenosmy" {SInv}
 32998 | Vaults:3 | Noticed Boris
 33015 | Vaults:3 | Killed Boris
 33069 | Vaults:3 | Reached skill level 15 in Invocations
 33641 | Vaults:3 | Reached skill level 21 in Unarmed Combat
 33641 | Vaults:3 | Reached XP level 21. HP: 88/114 MP: 30/33
 33896 | Vaults:3 | Found a staircase to the Crypt.
 34249 | Vaults:4 | Found a magical portal.
 34259 | WizLab   | Entered Lehudib's Moon Base
 34746 | WizLab   | Identified the ring of Munul {EV+5 Int+5}
 34789 | WizLab   | Gained mutation: You have hidden genetic defects. [a
                  | cacodemon]
 35038 | WizLab   | Found a transporter.
 35039 | WizLab   | Found the +4 consecrated labrys {holy, Valiant ^Fragile Fly
                  | SInv}
 35092 | WizLab   | Found a transporter.
 35293 | WizLab   | Identified the ring of Kovvied {rPois Slay+2}
 35302 | WizLab   | Gained mutation: You are weak. (Str -2) [hidden defects]
 35324 | WizLab   | Lost mutation: You are weak. (Str -2) [potion of mutation]
 35324 | WizLab   | Lost mutation: You have hidden genetic defects. [potion of
                  | mutation]
 35324 | WizLab   | Gained mutation: You are resistant to electric shocks.
                  | (rElec) [potion of mutation]
 35324 | WizLab   | Gained mutation: You have hidden genetic potential. [potion
                  | of mutation]
 35778 | Vaults:4 | Reached XP level 22. HP: 121/121 MP: 34/34
 35998 | Vaults:4 | Reached skill level 22 in Unarmed Combat
 36570 | D:15     | You paid a toll of 6 scrolls of fog to enter a treasure
                  | trove
 36571 | Trove    | Entered a treasure trove
 36597 | Trove    | Got the Incunabulum of Weather and Trauma
 36611 | Trove    | Identified the amulet "Irruuth" {Regen+ rCorr}
 36854 | Elf:1    | Entered Level 1 of the Elven Halls
 37535 | Elf:1    | Found a shimmering altar of Xom.
 37775 | Elf:2    | Reached skill level 15 in Fighting
 37782 | Elf:2    | Identified the ring "Gaistyl" {*Corrode MP+9 Int+4}
 37813 | Elf:2    | Found Xijog's Magic Scroll Shop.
 37819 | Elf:2    | Found Ythuit's Magic Scroll Boutique.
 37829 | Elf:2    | Bought a scroll of enchant armour for 105 gold pieces
 37829 | Elf:2    | Bought a scroll of enchant armour for 105 gold pieces
 37829 | Elf:2    | Bought a scroll of teleportation for 42 gold pieces
 37829 | Elf:2    | Bought a scroll of teleportation for 42 gold pieces
 37835 | Elf:2    | Bought a scroll of blinking for 112 gold pieces
 37835 | Elf:2    | Bought a scroll of fear for 60 gold pieces
 37835 | Elf:2    | Bought a scroll of fog for 60 gold pieces
 37835 | Elf:2    | Bought a scroll of teleportation for 45 gold pieces
 37923 | Elf:2    | Paralysed by an air elemental for 1 turns
 38126 | Elf:2    | Identified the ring of Iroschu {*Slow Fly rPois rF- rN+}
 38162 | Elf:2    | Found a runed translucent gate.
 38163 | Elf:2    | Found a runed translucent gate.
 38164 | Elf:2    | Found a runed translucent gate.
 38173 | Elf:2    | Gained mutation: Your muscles are strong. (Str +4, Int/Dex
                  | -1) [hidden potential]
 38696 | Elf:3    | Entered Level 3 of the Elven Halls
 38706 | Elf:3    | Reached skill level 15 in Shields
 38920 | Elf:3    | Identified the +9 plate armour of the Tanner {rPois rN+}
 39383 | Elf:3    | Reached XP level 23. HP: 95/126 MP: 20/36
 39601 | Elf:3    | Identified the ring "Conwabefu" {rPois EV+5}
 39639 | Elf:3    | Identified the +7 falchion of Joyful Slaughter {drain,
                  | rCorr}
 39639 | Elf:3    | Found the ring of the Octopus King
 39668 | Elf:3    | Identified a ring of the Octopus King {HP+2 AC+2 EV+2 SH+2
                  | SInv}
 39722 | Elf:3    | Identified the +9 demon blade of Disorder {vamp, Int+2
                  | Stlth+}
 39722 | Elf:3    | Identified the +1 hand axe of Ownuhah {holy, *Slow rPois
                  | rC+ rN+++}
 39722 | Elf:3    | Found the +7 Spriggan's Knife {stab, EV+4 Stlth+}
 39736 | Elf:3    | Identified the +7 dagger "Grim Tooth" {drain, *Slow rElec
                  | rPois}
 39747 | Elf:3    | Got the Annotations on Astrapomancy
 40029 | Depths:1 | Entered Level 1 of the Depths
 40229 | Depths:1 | Found a gateway to Hell.
 40242 | Depths:1 | Reached skill level 23 in Unarmed Combat
 40385 | Depths:1 | Acquired 1189 gold pieces
 40447 | Depths:1 | Found a basalt altar of Yredelemnul.
 40906 | Depths:2 | Found a one-way gate leading to the halls of Pandemonium.
 41004 | Depths:2 | Noticed a caustic shrike
 41005 | Depths:2 | Noticed a caustic shrike
 41006 | Depths:2 | Noticed a caustic shrike
 41007 | Depths:2 | Noticed a caustic shrike
 41010 | Depths:2 | Noticed a caustic shrike
 41013 | Depths:2 | Killed a caustic shrike
 41016 | Depths:2 | Killed a caustic shrike
 41023 | Depths:2 | Killed a caustic shrike
 41027 | Depths:2 | Gained mutation: You have a pair of small horns on your
                  | head. [hidden potential]
 41027 | Depths:2 | Lost mutation: You have hidden genetic potential. [hidden
                  | potential expressed]
 41129 | Depths:2 | Killed a caustic shrike
 41132 | Depths:2 | Killed a caustic shrike
 41196 | Depths:2 | Found a one-way gateway to a ziggurat.
 41208 | Depths:2 | Reached skill level 15 in Dodging
 41906 | Depths:3 | Reached XP level 24. HP: 133/133 MP: 36/36
 42043 | Depths:3 | Reached skill level 15 in Armour
 42047 | Depths:3 | Noticed Jory
 42072 | Depths:3 | Killed Jory
 42090 | Depths:3 | Found a corrupted altar of Lugonu.
 42090 | Depths:3 | Found a one-way gate to the infinite horrors of the Abyss.
 42284 | Depths:3 | Identified the +0 orcbow "Saudega" {speed, Dex+4}
 42288 | Depths:3 | Identified the staff of the Pharaoh's Fist {rF+ Int+3 Fire}
 42748 | Depths:4 | Entered Level 4 of the Depths
 42917 | Depths:4 | Found a gate to the Realm of Zot.
 42923 | Depths:4 | Got a midnight gem with 292 turns to spare
 44006 | Slime:1  | Entered Level 1 of the Pits of Slime
 44112 | Slime:1  | Lost mutation: Your muscles are strong. (Str +4, Int/Dex
                  | -1) [a shining eye]
 44127 | Slime:1  | Gained mutation: You are weak. (Str -2) [a shining eye]
 44352 | Slime:2  | Reached skill level 18 in Invocations
 44617 | Slime:2  | Gained mutation: You are very dopey. (Int -4) [a shining
                  | eye]
 44619 | Slime:2  | Gained mutation: You occasionally lose the ability to drink
                  | potions when taking damage. [a shining eye]
 45323 | Slime:4  | Gained mutation: Your body sometimes deteriorates upon
                  | taking damage. [a shining eye]
 45324 | Slime:4  | Gained mutation: Your magical capacity is low. (-10% MP) [a
                  | shining eye]
 45330 | Slime:4  | Reached skill level 24 in Unarmed Combat
 45460 | Slime:5  | Entered Level 5 of the Pits of Slime
 45512 | Slime:5  | Reached XP level 25. HP: 140/140 MP: 33/33
 45516 | Slime:5  | Noticed the Royal Jelly
 45589 | Slime:5  | Gained mutation: Your body often deteriorates upon taking
                  | damage. [a shining eye]
 45593 | Slime:5  | Killed the Royal Jelly
 45593 | Slime:5  | Gained mutation: Your magical capacity is very low. (-20%
                  | MP) [a shining eye]
 45752 | Slime:5  | Got Zit Faidirch's Guide on Nephomancy and Enchantment
 45774 | Slime:5  | Got Keplet's Vademecum on the Chilled Mausoleum
 45776 | Slime:5  | Got a slimy rune of Zot
 45785 | Slime:5  | Identified the ring of Ashenzari's Whim {rCorr Stlth+}
 45887 | Slime:5  | Identified the +5 orcbow "Givoacvy" {freeze, Dex+5}
 45945 | Slime:5  | Identified the +4 sling of Caxka {heavy, rElec rC+}
 46519 | D:11     | Lost mutation: You are resistant to electric shocks.
                  | (rElec) [potion of mutation]
 46519 | D:11     | Lost mutation: You are weak. (Str -2) [potion of mutation]
 46519 | D:11     | Lost mutation: You have a pair of small horns on your head.
                  | [potion of mutation]
 46519 | D:11     | Gained mutation: You have a pair of small horns on your
                  | head. [potion of mutation]
 46520 | D:11     | Lost mutation: Your body often deteriorates upon taking
                  | damage. [potion of mutation]
 46520 | D:11     | Lost mutation: Your magical capacity is very low. (-20% MP)
                  | [potion of mutation]
 46521 | D:11     | Lost mutation: You occasionally lose the ability to drink
                  | potions when taking damage. [potion of mutation]
 46521 | D:11     | Lost mutation: Your magical capacity is low. (-10% MP)
                  | [potion of mutation]
 46521 | D:11     | Lost mutation: You are very dopey. (Int -4) [potion of
                  | mutation]
 46521 | D:11     | Gained mutation: You are partially covered in iridescent
                  | scales. (AC +2) [potion of mutation]
 46786 | Crypt:1  | Entered Level 1 of the Crypt
 47541 | Crypt:1  | You fall into a shaft and drop 1 floor!
 47595 | Crypt:2  | Noticed Donald
 47605 | Crypt:2  | Killed Donald
 47647 | Crypt:2  | Noticed a dread lich
 47659 | Crypt:2  | Killed a dread lich
 47660 | Crypt:2  | Reached skill level 18 in Fighting
 48795 | Crypt:3  | Entered Level 3 of the Crypt
 48836 | Crypt:3  | Reached skill level 25 in Unarmed Combat
 49060 | Crypt:3  | Reached skill level 18 in Shields
 49458 | Crypt:3  | Found a basalt altar of Yredelemnul.
 49514 | Crypt:3  | Noticed an ancient lich
 49540 | Crypt:3  | Killed an ancient lich
 49640 | Crypt:3  | Reached XP level 26. HP: 143/144 MP: 37/37
 50155 | Crypt:3  | Found a staircase to the Tomb.
 51093 | Vaults:5 | Entered Level 5 of the Vaults
 51330 | Vaults:5 | Noticed a dread lich
 51389 | Vaults:4 | Killed a dread lich
 51430 | Vaults:5 | Identified the +6 morningstar of Jyttius {freeze, MP+9}
 51553 | Vaults:5 | Noticed an ancient lich
 51573 | Vaults:4 | Killed an ancient lich
 52171 | Vaults:5 | Got the Catalogue of Combat Magic
 52224 | Vaults:5 | Found the +1 cloak of Starlight {*Dazzle EV+4 Stlth--}
 52501 | Vaults:5 | Identified the staff "Mimiddic" {rC+ Dex+3 Ice}
 52504 | Vaults:5 | Got a silver rune of Zot
 52582 | Vaults:5 | Identified the staff of the Well-Known Olives {rN+ Stlth+
                  | Necro}
 52965 | Zot:1    | Entered Level 1 of the Realm of Zot
 52979 | Zot:1    | Reached XP level 27. HP: 151/151 MP: 37/37
 53038 | Zot:1    | Noticed an ancient lich
 53201 | Zot:1    | Killed an ancient lich
 53727 | Zot:1    | Noticed an ancient lich
 53749 | Zot:1    | Killed an ancient lich
 55422 | Zot:2    | Reached skill level 21 in Shields
 55689 | Zot:2    | Found a blossoming altar of Fedhas.
 57035 | Zot:4    | Reached skill level 26 in Unarmed Combat
 57036 | Zot:4    | Noticed an orb of fire
 57043 | Zot:4    | Killed an orb of fire
 57088 | Zot:4    | Noticed Parghit
 57109 | Zot:4    | Killed Parghit
 57228 | Zot:4    | Acquired the +2 hood of the Assassin {Detect Stab+ Stlth++}
 57228 | Zot:4    | Found the +2 hood of the Assassin {Detect Stab+ Stlth++}
 57473 | Zot:4    | Identified the +0 battleaxe of the Gazing Firefly {heavy,
                  | rCorr Dex+4 Stlth+}
 57742 | Zot:5    | Entered Level 5 of the Realm of Zot
 57771 | Zot:5    | Reached skill level 6 in Spellcasting
 58118 | Zot:5    | Noticed an orb of fire
 58122 | Zot:5    | Noticed an orb of fire
 58127 | Zot:5    | Noticed a dread lich
 58128 | Zot:5    | Gained mutation: You have hidden genetic defects. [an orb
                  | of fire]
 58132 | Zot:5    | Gained mutation: Your spells are a little easier to cast,
                  | but a little less powerful. [an orb of fire]
 58164 | Zot:5    | Killed an orb of fire
 58180 | Zot:5    | Killed an orb of fire
 58188 | Zot:5    | Killed a dread lich
 58307 | Zot:5    | Noticed a dread lich
 58307 | Zot:5    | Noticed an ancient lich
 58317 | Zot:5    | Killed a dread lich
 58320 | Zot:5    | Killed an ancient lich
 58345 | Zot:5    | Gained mutation: You are very dopey. (Int -4) [hidden
                  | defects]
 58434 | Zot:5    | Noticed an orb of fire
 58441 | Zot:5    | Noticed a dread lich
 58445 | Zot:5    | Gained mutation: You are vulnerable to cold. (rC-) [an orb
                  | of fire]
 58446 | Zot:5    | Noticed an ancient lich
 58452 | Zot:5    | Killed an orb of fire
 58463 | Zot:5    | Killed a dread lich
 58474 | Zot:5    | Killed an ancient lich
 58481 | Zot:5    | Reached skill level 9 in Spellcasting
 58505 | Zot:5    | Gained mutation: Your body often deteriorates upon taking
                  | damage. [hidden defects]
 58505 | Zot:5    | Lost mutation: You have hidden genetic defects. [hidden
                  | defects expressed]
 58540 | Zot:5    | Noticed a dread lich
 58551 | Zot:5    | Killed a dread lich
 58787 | Zot:5    | Got the Orb of Zot
 58995 | Zot:1    | Noticed Udiojiwia the pandemonium lord
 59082 | Depths:4 | Noticed Jymn the pandemonium lord
 59091 | Depths:4 | Killed Jymn the pandemonium lord
 59093 | Depths:4 | Gained mutation: You occasionally lose the ability to read
                  | scrolls when taking damage. [a neqoxec]
 59310 | D:12     | Noticed Neklov the pandemonium lord
 59344 | D:12     | Noticed Tiusor the pandemonium lord
 59355 | D:12     | Killed Neklov the pandemonium lord
 59367 | D:12     | Killed Tiusor the pandemonium lord
 59453 | D:12     | Noticed Netzeiro the pandemonium lord
 59459 | D:12     | Killed Netzeiro the pandemonium lord
 59477 | D:12     | Fell from the grace of Qazlal
 59477 | D:12     | Became a worshipper of Beogh the Shepherd
 59661 | D:3      | Noticed Abudepso the pandemonium lord
 59724 | D:1      | Noticed Boiv the pandemonium lord
 59724 | D:1      | Noticed an ancient lich
 59727 | D:$      | Escaped with the Orb!

Illustrated notes

Levels and vault maps discovered:
D:1:      dreamdust_arrival_beginning_and_end, layout_basic, minmay_tripent
D:2:      layout_loops_ring, uniq_crazy_yiuf_cottage
D:3:      layout_basic, minitemple, worldfamousw_hep_ancestral_shrine,
          portal_sewer_entry_e
D:4:      layout_basic, xom_confusion_cloud, hellmonk_ghost_happy_afterlife
D:5:      layout_cave_pools, minmay_temple_entry_glassed_door,
          gammafunk_ghost_cemetery, uniq_blork_the_orc
D:6:      layout_basic, general_overflow_altar, kennysheep_path_1,
          hangedman_feature_mirror
D:7:      layout_cave_pods, palyth_temple_overflow_mages, uniq_prince_ribbit1
D:8:      layout_basic
D:9:      layout_basic, mainiacjoe_overflow_24_doors,
          nicolae_tso_swordbearing_angel
D:10:     layout_basic, serial_shops, nicolae_shop_gibbet_a_chance,
          bh_walls_and_bars
D:11:     layout_gridville, minmay_lair_entry_grove,
          maelrawn_ghost_gauntlet_escape, nicolae_diode_intersection
D:12:     layout_cave_pools, minmay_orc_entry_temple_small
D:13:     layout_loops_ring, grunt_vaults_entry_tiered, uniq_azrael
D:14:     layout_roguey, minmay_stone_trees_medium, serial_bayou_pond_b
D:15:     hangedman_depths_entry_civil_slaughter, layout_irregular_city,
          enter_trove_3, serial_glass, glass_columns_a, glass_columns_a,
          glass_columns_c, glass_columns_b, glass_columns_b, glass_columns_a,
          glass_columns_b, glass_columns_b, glass_columns_b, glass_columns_a,
          glass_columns_a, glass_columns_b, glass_columns_c, glass_columns_a,
          kiku_gazebo_garden_becter, st_stairs_6, eino_tiny_chamber,
          uniq_louise, uniq_roxanne, uniq_jorgrun
Temple:   nicolae_temple_two_arcs
Lair:1:   regret_index_malice_mire, layout_regular_city, serial_bayou_lake_a
Lair:2:   lemuel_slime, layout_misc_corridors,
          nicolae_swamp_entry_splash_gauntlet, minmay_snake_entry_spellcaster,
          uniq_urug, uniq_gastronok, uniq_maggie
Lair:3:   dpeg_oklob_gauntlet, layout_gridlike, serial_bayou_pond_c,
          nicolae_lair_lakeside_cave
Lair:4:   layout_concentric_octagons, infiniplex_staircase_pool,
          grunt_megastairs_3, uniq_kirke
Lair:5:   gammafunk_lair_ancient_temple, layout_hall_layers,
          dpeg_slime_entry_corner, minmay_lair_oklob_bushes
Swamp:1:  layout_basic_swamp, evilmike_swamp_ruin_house_2,
          cheibrodos_swamp_minitomb
Swamp:2:  layout_basic_swamp, nicolae_swamp_bean_lake,
          nicolae_swamp_long_stream, uniq_frances
Swamp:3:  layout_basic_swamp, evilmike_swamp_ruin_house_3, swamp_pool_3,
          nicolae_swamp_hydra_murder_den
Swamp:4:  swamp_basic_johnstein, layout_basic_swamp, swamp_pool_1_2,
          nicolae_swamp_reclaimed_castle, uniq_mara
Snake:1:  cheibrodos_snake_ritualist_ritual, layout_basic,
          nicolae_shop_overcharged_wands
Snake:2:  layout_honeycomb, lemuel_fruit_tree, uniq_mlioglotl
Snake:3:  cheibrodos_toxic_ritual, layout_layer_cave, serial_shops, shop
Snake:4:  grunt_snake_rune_pools, layout_chambers, serial_shops, shop_coins,
          grunt_megastairs_4, serial_bayou_shore_a, uniq_saint_roka, uniq_agnes
Slime:1:  layout_caves
Slime:2:  layout_caves, nicolae_slime_getting_an_eyeful
Slime:3:  layout_caves
Slime:4:  layout_caves
Slime:5:  slime_pit_nicolae_amoeboid
Orc:1:    layout_diamond_mine
Orc:2:    pubby_orc_utopia, uniq_snorg
Elf:1:    layout_geoelf_octagon, guppyfry_elf_altar, evilmike_minifort
Elf:2:    elven_hall_of_blades_hangedman_original [mumra_blade_entry_bloodbath],
          layout_gridlike, minmay_shoptagon
Elf:3:    minmay_elf_hall_spiked, layout_geoelf_grid, chequers_big_river
Vaults:1: hangedman_vaults_restitches, vaults_mumra_chevron,
          nicolae_vaults_trapezoid_layered, vaults_room_fours, v_alt_pattern_6,
          vaults_room_grunt_arrival_ludios, serial_ice_m, vaults_mumra_lcd,
          hangedman_vaults_nodes, nicolae_vaults_mini_display_case, v_misc_25,
          vaults_room_semicircle, ontoclasm_vaults_decontamination,
          layout_vaults_big_cross, serial_shops, shop, uniq_asterion
Vaults:2: nicolae_vaults_big_ls, nicolae_vaults_trapezoid_2,
          grunt_vaults_trifunnel, grunt_vaults_bifocal, lightli_orcish_oven,
          nicolae_vaults_weapon_check, nicolae_vaults_tangram_2,
          nicolae_vaults_tetromino_Z_2, vaults_room_pool,
          nicolae_vaults_network_s, v_misc_22, vaults_mumra_hexcomb,
          layout_vaults_maze, serial_shops, nicolae_shop_waterfront, uniq_zenata
Vaults:3: v_misc_19, nicolae_vaults_hallways_thing, v_rooms_3, vaults_dpeg_ring,
          ontoclasm_vaults_bender, nicolae_vaults_twisting_passages,
          nicolae_vaults_layer_cake_slice, nicolae_vaults_tetromino_L_2,
          nicolae_vaults_trapezoid_1, nicolae_vaults_alarming,
          nicolae_vaults_storage_closets_3, minmay_crypt_entry_simple_walls,
          layout_vaults_ring, uniq_boris
Vaults:4: infiniplex_enter_wizlab_water, vaults_room_pools,
          vaults_room_hangedman_quadrants, v_pattern_1, vaults_room_octagon,
          ontoclasm_vaults_chip, v_misc_15, hangedman_vaults_stagger,
          nicolae_vaults_heart-shaped_vault, v_misc_19,
          nicolae_vaults_sightless_eye, nicolae_vaults_sesquioval_fish,
          layout_vaults_big_room
Vaults:5
Crypt:1:  layout_catacombs, grunt_crypt_arrival_split
Crypt:2:  layout_chaotic_city, grunt_megastairs_5, uniq_margery, uniq_donald
Crypt:3:  church_of_pain_bobbens, layout_chaotic_city,
          nicolae_tomb_entry_unfolded_pyramid_diagonal
Depths:1: layout_twisted_cross, hell_entry, hangedman_abyss_or_decor_stabs,
          lemuel_zombie_altar_yredelemnul
Depths:2: tekkud_shrikecote, layout_basic, enter_ziggurat_d,
          grunt_pan_entry_spiral, grunt_hell_entry_dis_mu,
          serial_sigils_hangedman_gnaw
Depths:3: minmay_the_grid_3x3 [minmay_the_grid_fan,
          minmay_the_grid_zigzag_pyramid, minmay_the_grid_holed_spiral,
          minmay_the_grid_x, minmay_the_grid_doors, minmay_the_grid_airy,
          minmay_the_grid_paths, minmay_the_grid_minigrid_small_alt,
          minmay_the_grid_prize_diamond_cup], layout_gridville,
          abyss_entry_flame_altar, hell_entry, chequers_serial_rivers_micro_e,
          chequers_serial_rivers_room_b, infiniplex_staircase_diamond,
          serial_bayou_shore_b, uniq_jory
Depths:4: grunt_zot_entry_tricorne, layout_honeycomb, hell_entry
Zot:1:    hangedman_snap_crack_crunch, layout_cathedral_of_symmetry
Zot:2:    kennysheep_spiral_hall, layout_onion_interference,
          regret_index_zotdec_ex, regret_index_zotdec_decaying_basic,
          hangedman_elemental_grid_stream
Zot:3:    layout_cathedral_of_symmetry, nicolae_zot_crop_circle
Zot:4:    layout_gridlike, uniq_parghit
Zot:5:    layout_gridlike, st_stairs_4, bh_zot_levy_curve

Skill      XL: |  1  2  3  4  5  6  7  8  9 10 11 12 13 14 15 16 17 18 19 20 21 22 23 24 25 26 27 |
---------------+----------------------------------------------------------------------------------+-----
Unarmed Combat | 3 4 5 6 7 8 9 10 12 13 14 15 16 17 18 19 20 21 22 23 24 25 26 | 26.5
Invocations    | 3 5 6 7 8 9 10 11 12 13 14 15 16 17 18 20 | 20.3
Fighting       | 3 4 5 6 7 8 9 10 11 12 13 14 15 16 17 18 20 | 20.1
Spellcasting   | 1 3 4 10 | 10.0
Shields        | 3 4 5 6 7 8 9 10 11 12 13 14 15 16 18 20 21 | 21.7
Armour         | 3 4 5 6 7 8 9 10 11 12 13 14 15 17 | 17.2
Dodging        | 1 3 5 7 8 10 11 12 13 14 15 17 | 17.1

Action                     |  1- 3 |  4- 6 |  7- 9 | 10-12 | 13-15 | 16-18 | 19-21 | 22-24 | 25-27 || total
---------------------------+-------+-------+-------+-------+-------+-------+-------+-------+-------++-------
  Melee: Unarmed           |   101 |   202 |   308 |   515 |  1159 |  1284 |  1460 |  1629 |  2636 ||  9294
         Bite              |    25 |    39 |    76 |   188 |   404 |   463 |   730 |   749 |  1436 ||  4110
         Headbutt          |       |       |       |       |       |       |       |   291 |   952 ||  1243
 Invoke: Upheaval          |       |       |     1 |     1 |       |       |     2 |       |     2 ||     6
         Elemental Force   |       |       |       |     1 |     7 |    12 |     9 |     6 |    13 ||    48
         Disaster Area     |       |       |       |     1 |     3 |     1 |     2 |     3 |     4 ||    14
  Evoke: Wand              |       |       |       |     9 |     1 |    16 |     1 |     1 |     6 ||    34
         Box of beasts     |       |       |       |       |       |       |     1 |       |       ||     1
         Condenser vane    |       |       |       |       |       |       |       |     1 |       ||     1
    Use: Potion            |       |     1 |       |     1 |       |     2 |     4 |     2 |    20 ||    30
         Scroll            |       |       |     8 |     5 |    12 |    12 |     8 |     5 |    27 ||    77
   Stab: Paralysed         |       |       |       |     2 |     2 |     8 |     3 |     1 |    17 ||    33
         Distracted        |       |       |       |       |       |     1 |     1 |     3 |     6 ||    11
         Invisible         |       |       |       |       |       |       |       |       |     8 ||     8
 Armour: Scale mail        |    58 |    13 |       |       |       |       |       |       |       ||    71
         Chain mail        |       |   165 |   147 |   308 |       |       |       |       |       ||   620
         Plate armour      |       |       |       |    87 |   702 |   619 |   818 |       |       ||  2226
         Troll leather arm |       |       |       |       |       |       |    15 |   314 |   111 ||   440
         Gold dragon scale |       |       |       |       |       |       |       |       |   550 ||   550
  Dodge: Dodged            |    32 |    85 |    78 |   122 |   196 |   148 |   302 |   407 |   599 ||  1969
         Repelled          |       |       |     1 |    11 |    21 |    74 |    41 |    79 |   159 ||   386
  Block: Buckler           |    17 |    47 |   105 |   246 |       |       |       |       |       ||   415
         Kite shield       |       |       |       |   109 |  1054 |   201 |       |       |       ||  1364
         Tower shield      |       |       |       |       |       |  1471 |  2025 |  1835 |  3015 ||  8346

Table legend: (Time is in decaauts)
 A = Elapsed time spent in this place.
 B = Non-inter-level travel time spent in this place.
 C = Inter-level travel time spent in this place.
 D = Time resting spent in this place.
 E = Time spent auto-exploring this place.
 F = Levels seen in this place.
 G = Mean time per level.
                   A        B        C        D        E       F      G
               +--------+--------+--------+--------+--------+-----+--------+
         Total |  58848 |  50250 |   8598 |   2165 |  35882 |  59 |  997.4 |
       Dungeon |  14640 |  11553 |   3087 |    256 |   8973 |  15 |  976.0 |
        Temple |      1 |      1 |      0 |      0 |      0 |   1 |    1.0 |
          Lair |   6518 |   5173 |   1345 |    486 |   3499 |   5 | 1303.6 |
         Swamp |   3718 |   3340 |    378 |    266 |   2264 |   4 |  929.5 |
     Snake Pit |   5118 |   4830 |    288 |    102 |   3748 |   4 | 1279.5 |
    Slime Pits |   2197 |   2020 |    177 |     48 |   1461 |   5 |  439.4 |
  Orcish Mines |   2476 |   1864 |    612 |     26 |   1204 |   2 | 1238.0 |
   Elven Halls |   2876 |   2587 |    289 |     21 |   1812 |   3 |  958.7 |
        Vaults |   7126 |   5909 |   1217 |    283 |   3992 |   5 | 1425.2 |
         Crypt |   3005 |   2813 |    192 |    190 |   1924 |   3 | 1001.7 |
        Depths |   4259 |   3763 |    496 |    375 |   2588 |   4 | 1064.8 |
           Zot |   5071 |   4559 |    512 |    100 |   3257 |   5 | 1014.2 |
         Trove |     72 |     72 |      0 |      0 |     58 |   1 |   72.0 |
         Sewer |    674 |    674 |      0 |     10 |    415 |   1 |  674.0 |
        Wizlab |   1092 |   1092 |      0 |      0 |    681 |   1 | 1092.0 |
               +--------+--------+--------+--------+--------+-----+--------+

Top non-repeatable levels by time:
   Orc:2: 1801 daAuts
Vaults:3: 1685 daAuts
 Snake:3: 1682 daAuts
 Snake:4: 1648 daAuts
Vaults:1: 1535 daAuts
  Lair:2: 1491 daAuts
    D:11: 1490 daAuts
Vaults:4: 1454 daAuts
    D:13: 1446 daAuts
Depths:4: 1437 daAuts
  Lair:3: 1436 daAuts
   Zot:1: 1430 daAuts
Vaults:2: 1346 daAuts
     D:8: 1343 daAuts
 Crypt:3: 1269 daAuts
